 Dungeon Crawl Stone Soup version 0.18.1-8-gdd0e5ea (webtiles) character file.

4776 georgeearnest the Nimble (level 10, -6/88 HPs)
             Began as a Mottled Draconian Berserker on May 23, 2016.
             Was an Elder of Trog.
             Mangled by a manticore (7 damage)
             ... on level 9 of the Dungeon.
             The game lasted 00:27:26 (12539 turns).

georgeearnest the Nimble (DrBe)                    Turns: 12539, Time: 00:27:26

Health: -6/88      AC:  9    Str: 23    XL:     10   Next: 23%
Magic:  10/10      EV: 18    Int:  8    God:    Trog [****..]
Gold:   202        SH:  0    Dex: 14    Spells: 0 memorised, 9 levels left

rFire  . . .     SeeInvis .     f - +1 battleaxe (freeze) (curse)
rCold  . . .     Gourm    .     (armour unavailable)
rNeg   . . .     Faith    .     (shield currently unavailable)
rPois  .         Spirit   .     (helmet restricted)
rElec  .         Dismiss  .     J - +1 cloak
rCorr  .         Reflect  .     (no gloves)
SustAt .         Harm     .     (no boots)
MR     .....                    b - amulet of rage
Stlth  ++........               y - ring of flight
                                v - +6 ring of dexterity

@: exhausted, manticore barbs, slowed, very slow, not resistant to hostile
enchantments, unstealthy
A: breathe sticky flame splash, unfitting armour, clumsy 1, cold-blooded,
subdued magic 1, MP-powered wands, AC +7
a: Breathe Sticky Flame, Berserk, Trog's Hand, Brothers in Arms, Burn
Spellbooks, Renounce Religion, Evoke Berserk Rage, Evoke Flight


You were on level 9 of the Dungeon.
You worshipped Trog.
Trog was greatly pleased with you.
You were very hungry.

You visited 1 branch of the dungeon, and saw 9 of its levels.
You also visited: Ossuary.

You collected 412 gold pieces.
You spent 210 gold pieces at shops.

Inventory:

Hand Weapons
 a - a +0 hand axe
 f - a cursed +1 battleaxe of freezing (weapon)
 j - a +0 shortbow
 x - a +1 shortbow of freezing
 N - the +8 trident of the Octopus King {venom, rElec rPois MR+}
   (You found it on level 9 of the Dungeon)

   It poisons the flesh of those it strikes.
   It insulates you from electricity.
   It protects you from poison.
   It affects your resistance to hostile enchantments.
Missiles
 e - 3 throwing nets (quivered)
Armour
 J - a +1 cloak (worn)
 L - a +0 cloak
Jewellery
 b - an amulet of rage (around neck)
 h - an uncursed ring of loudness
 r - an uncursed ring of ice
 v - a +6 ring of dexterity (left hand)
 y - a ring of flight (right hand)
 A - an uncursed amulet of the gourmand
Wands
 K - a wand of disintegration (9/24)
Scrolls
 c - 4 scrolls of identify
 k - a scroll of fog
 l - 5 scrolls of blinking
 n - 2 scrolls of magic mapping
 p - 3 scrolls of random uselessness
 s - 2 scrolls of noise
 B - a scroll of enchant armour
 C - 2 scrolls of teleportation
 E - a scroll of recharging {unknown}
 F - a scroll of remove curse
 H - a scroll of fear {unknown}
 I - a scroll of amnesia {unknown}
Potions
 d - a potion of berserk rage {unknown}
 g - a potion of lignification {unknown}
 i - a potion of magic {unknown}
 m - 2 potions of agility
 o - 4 potions of mutation
 q - 2 potions of degeneration
 t - a potion of flight
 u - a potion of resistance {unknown}
 w - a potion of brilliance
 z - a potion of haste
 G - a potion of might
Miscellaneous
 D - a plain deck of defence
 O - a plain deck of summoning
Comestibles
 M - a meat ration


   Skills:
 + Level 8.1 Fighting
 + Level 8.0 Axes
 + Level 10.2 Dodging
 + Level 3.0 Stealth
 + Level 0.8 Evocations


You had 9 spell levels left.
You didn't know any spells.

Dungeon Overview and Level Annotations

Branches:
Dungeon (9/15)             Temple (0/1) D:5
   Lair: D:8-11         Orc: D:9-12

Altars:
Ashenzari
Cheibriados
Dithmenos
Gozag
Makhleb
Nemelex Xobeh
Okawaru
Vehumet
Xom
Yredelemnul
The Shining One

Shops:
D:7 }   D:9 (=(

Annotations:
D:6 Gekot's ghost, novice SpEn
D:9 Zebulonius's ghost, novice MiBe


Innate Abilities, Weirdness & Mutations

You can spit globs of burning liquid.
You can ignite nearby creatures when you spit burning liquid.
Your weird mottled scales are hard (AC +7).
Your body does not fit into most forms of armour.
You are cold-blooded and may be slowed by cold attacks.
You are clumsy. (Dex -2)
Your spells are a little easier to cast, but a little less powerful.
You expend magic power (3 MP) to strengthen your wands.


Message History

You are feeling very hungry.
The manticore flicks its tail.
The volley of spikes hits you!
The barbed spikes become lodged in your body.
You hit the manticore but do no damage.
Your tail-slap misses the manticore.
The manticore bites you! The manticore claws you! The manticore claws you.
The manticore bites you!
* * * LOW HITPOINT WARNING * * *
The manticore claws you but does no damage. x2
You hit the manticore. You freeze the manticore.
You tail-slap the manticore, but do no damage.
The manticore is moderately wounded.
You have got your breath back.
The manticore misses you. The manticore claws you!
* * * LOW HITPOINT WARNING * * *
The manticore claws you but does no damage.
The manticore bites you!
* * * LOW HITPOINT WARNING * * *
The manticore claws you!
You die...

#.########## #.......#
#(.......'.###.......#
#........#...........#
'.W..<...# ##.......#
#........# #.......#
#####)#### ##.# #.# #..#
#.## #H## #..# #@#
####'## ##'#######
###.....# #........#
.)'.....# #........#
.##.....+.#####........#
.##.....#.....'........#
###.....#######........#
#<....# #........#
##+#### #........#


You could see a manticore.

Vanquished Creatures
  Pikel (D:8)
  A manticore (D:9)
  A centaur zombie (D:8)
  A gargoyle (D:9)
  A hippogriff (D:8)
  A hungry ghost (D:8)
  A water moccasin (D:7)
  An orc warrior (D:5)
  2 ice beasts (D:7)
  A sky beast (D:8)
  A slave (D:8)
  A wasp (D:8)
  A phantom (D:7)
  4 ogres
  2 centaurs
  A crocodile (D:9)
  A giant frog (D:9)
  4 water moccasin zombies
  2 scorpions
  3 wights (D:8)
  4 howler monkeys (D:7)
  2 crimson imps
  A quasit (D:8)
  4 jellies
  A hound (D:7)
  An orc priest (D:7)
  2 iguanas
  8 orc wizards
  9 worker ants
  A big kobold zombie (Ossuary)
  2 hound zombies
  3 mummies
  9 gnolls
  12 adders
  2 shadow imps
  An ooze (D:4)
  2 adder skeletons
  4 adder zombies
  2 worms
  2 dart slugs
  2 giant geckos
  27 orcs
  4 giant cockroaches
  11 goblins
  9 hobgoblins
  10 jackals
  3 quokkas
  3 ball pythons
  5 bats
  2 giant gecko skeletons
  2 giant newts
  3 gnoll zombies (Ossuary)
  4 hobgoblin zombies (Ossuary)
  5 kobolds
  6 kobold zombies (Ossuary)
  4 orc zombies (Ossuary)
  6 rats
209 creatures vanquished.

Vanquished Creatures (others)
  A slave (D:8)
  A jelly (D:8)
  A hobgoblin (D:2)
  A plant (D:4)
4 creatures vanquished.

Grand Total: 213 creatures vanquished

Notes
Turn   | Place    | Note
--------------------------------------------------------------
     0 | D:1      | georgeearnest the Draconian Berserker began the quest for the Orb.
     0 | D:1      | Reached XP level 1. HP: 19/19 MP: 1/1
   508 | D:1      | Reached XP level 2. HP: 21/26 MP: 2/2
   829 | D:1      | Reached skill level 3 in Dodging
  1317 | D:2      | Reached XP level 3. HP: 31/33 MP: 3/3
  1333 | D:2      | Reached ** piety under Trog
  1709 | D:2      | Reached XP level 4. HP: 40/40 MP: 4/4
  1764 | D:2      | Found a radiant altar of Vehumet.
  3259 | D:4      | Noticed an ogre
  3276 | D:4      | Killed an ogre
  3276 | D:4      | Reached skill level 4 in Dodging
  3276 | D:4      | Reached skill level 1 in Stealth
  3276 | D:4      | Reached XP level 5. HP: 47/47 MP: 5/5
  3291 | D:4      | Reached *** piety under Trog
  3358 | D:4      | Reached XP level 6. HP: 53/53 MP: 6/6
  3478 | D:4      | Found a burning altar of Makhleb.
  3550 | D:4      | Found an iron altar of Okawaru.
  3926 | D:4      | Reached skill level 5 in Dodging
  4306 | D:5      | Entered Level 5 of the Dungeon
  4306 | D:5      | Noticed an orc warrior
  4333 | D:5      | Killed an orc warrior
  4333 | D:5      | Reached skill level 5 in Fighting
  4333 | D:5      | Your scales start taking on a weird mottled colour.
  4333 | D:5      | Reached XP level 7. HP: 15/61 MP: 7/7
  4889 | D:5      | Found a staircase to the Ecumenical Temple.
  5251 | D:6      | Found a sand-covered staircase.
  5269 | Ossuary  | Entered an ossuary
  5602 | Ossuary  | Reached skill level 5 in Axes
  5861 | Ossuary  | Reached skill level 6 in Dodging
  6082 | D:6      | Gained mutation: You expend magic power (3 MP) to strengthen your wands. [potion of mutation]
  6082 | D:6      | Gained mutation: You are clumsy. (Dex -2) [potion of mutation]
  6082 | D:6      | Gained mutation: Your spells are a little easier to cast, but a little less powerful. [potion of mutation]
  6126 | D:6      | Found a glowing golden altar of the Shining One.
  6195 | D:6      | Found a basalt altar of Yredelemnul.
  6198 | D:6      | Noticed a profane servitor
  6628 | D:6      | Noticed Gekot's ghost (novice SpEn)
  6664 | D:5      | Reached XP level 8. HP: 50/70 MP: 8/8
  7346 | D:7      | Reached skill level 7 in Dodging
  7466 | D:7      | Reached **** piety under Trog
  8077 | D:7      | Found a shimmering altar of Xom.
  8116 | D:7      | Found Nuelutip's Gadget Shop.
  8128 | D:7      | Bought a plain deck of defence for 210 gold pieces
  8591 | D:7      | Reached skill level 8 in Dodging
  9013 | D:7      | Reached XP level 9. HP: 78/78 MP: 9/9
  9532 | D:7      | Found a shadowy altar of Dithmenos.
  9699 | D:7      | Found a shattered altar of Ashenzari.
  9826 | D:8      | Noticed Pikel
  9839 | D:8      | Killed Pikel
  9839 | D:8      | Reached skill level 9 in Dodging
 10109 | D:8      | Found a sparkling altar of Nemelex Xobeh.
 10491 | D:8      | Found a snail-covered altar of Cheibriados.
 10707 | D:8      | Found an opulent altar of Gozag.
 11798 | D:9      | Reached XP level 10. HP: 88/88 MP: 10/10
 11868 | D:9      | Found Repriynua's Antique Weapon Emporium.
 11897 | D:9      | Found Zosocrao's Jewellery Boutique.
 11995 | D:9      | Found Plog's Weapon Shoppe.
 12011 | D:9      | Noticed a gargoyle
 12020 | D:9      | Killed a gargoyle
 12020 | D:9      | Reached skill level 10 in Dodging
 12218 | D:9      | Noticed Zebulonius's ghost (novice MiBe)
 12521 | D:9      | Noticed a manticore
 12522 | D:9      | Noticed a manticore
 12533 | D:9      | Killed a manticore
 12539 | D:9      | HP: 1/88 [manticore (11)]
 12539 | D:9      | Mangled by a manticore

Skill      XL: |  1  2  3  4  5  6  7  8  9 10 |
---------------+-------------------------------+-----
Dodging        | 3 4 5 6 8 9 10 | 10.2
Fighting       | 4 5 6 7 8 |  8.1
Axes           | 4 5 6 7 8 |  8.0
Stealth        | 1 2 3 |  3.0
Evocations     | |  0.8

Action                   |  1- 3 |  4- 6 |  7- 9 | 10-12 || total
-------------------------+-------+-------+-------+-------++-------
Melee: Hand axe          |    94 |   202 |   635 |       ||   931
       Tailslap          |    12 |    27 |   125 |    11 ||   175
       Battleaxe         |       |       |     6 |    41 ||    47
Invok: Berserk           |     1 |     3 |     2 |     2 ||     8
 Abil: Evoke Berserk Rag |       |       |     2 |       ||     2
       Breathe Sticky Fl |       |       |     3 |     2 ||     5
  Use: Scroll            |       |     7 |     3 |     1 ||    11
       Potion            |       |     5 |    13 |     1 ||    19
 Stab: Sleeping          |       |       |     1 |       ||     1
  Eat: Bread ration      |     1 |     2 |     4 |       ||     7
       Meat ration       |       |     1 |     2 |       ||     3
       Fruit             |       |       |     4 |     1 ||     5
Armor: Skin              |    33 |    60 |   167 |     9 ||   269
Dodge: Dodged            |    58 |   170 |   514 |    42 ||   784
